 Dungeon Sprint DCSS version 0.19-a0-678-ge7aab0b (webtiles) character file.

4244 Laraso the Phalangite (level 10, -13/63 HPs)
             Began as a Formicid Fighter on June 16, 2016.
             Was a Follower of Ashenzari.
             Hit by a large rock thrown by a stone giant (31 damage)
             ... in the Dungeon (Sprint V: "Ziggurat Sprint").
             The game lasted 00:06:10 (837 turns).

Laraso the Phalangite (Formicid Fighter)             Turns: 837, Time: 00:06:11

Health: -13/63     AC: 26    Str: 33    XL:     10   Next: 55%
Magic:  10/10      EV:  1    Int:  8    God:    Ashenzari [*.....]
Gold:   0          SH: 29    Dex: 18    Spells: 0 memorised, 9 levels left

rFire  . . .     SeeInvis +     D - +13 scythe of Curses {drain, *Curse} (curse)
rCold  . . .     Gourm    .     B - +15 Maxwell's patent armour {-Cast -Tele rElec MR+ rCorr} (curse)
rNeg   + . .     Faith    .     C - +18 shield of the Gong {rElec rN+ MR+ EV-5} (curse)
rPois  .         Spirit   .     (helmet unavailable)
rElec  +         Dismiss  .     (no cloak)
rCorr  +         Reflect  .     (no gloves)
SustAt .         Harm     .     (no boots)
MR     +++..     NoCast   +     (no amulet)
Stlth  ..........               s - +6 ring of dexterity (curse)
                                w - +6 ring of strength (curse)

@: mighty, extremely resistant to hostile enchantments, extremely unstealthy
A: permanent stasis, dig shafts and tunnels, four strong arms, antennae 3, frail
1
a: Dig, Curse Item, Scrying, Renounce Religion


You were in the Dungeon.
You worshipped Ashenzari.
Ashenzari was aware of your devotion.
You were not hungry.

You visited 1 branch

Inventory:

Hand Weapons
 D - the cursed +13 scythe of Curses (weapon) {drain, *Curse}
   (You found it in the Dungeon)

   A truly terrible weapon, it drains the life of those it strikes.
   It may re-curse itself when equipped.
   It has a curse placed upon it.
Armour
 B - the cursed +15 Maxwell's patent armour (worn) {-Cast -Tele rElec MR+ rCorr}
   (You found it in the Dungeon)

   It insulates you from electricity.
   It affects your resistance to hostile enchantments.
   It prevents spellcasting.
   It prevents most forms of teleportation.
   It protects you from acid and corrosion.
   It has a curse placed upon it.
 C - the cursed +18 shield of the Gong (worn) {rElec rN+ MR+ EV-5}
   (You found it in the Dungeon)

   It affects your evasion (-5).
   It insulates you from electricity.
   It protects you from negative energy.
   It affects your resistance to hostile enchantments.
   It has a curse placed upon it.
Magical Staves
 p - an uncursed staff of energy
Jewellery
 r - a +6 ring of dexterity
 s - a cursed +6 ring of dexterity (right hand)
 t - a +6 ring of intelligence
 u - a cursed +6 ring of intelligence
 v - a cursed +6 ring of strength
 w - a cursed +6 ring of strength (left hand)
 y - an uncursed ring of flight
Wands
 l - a wand of disintegration (7/24)
 m - a wand of iceblast (5/15)
 n - a wand of lightning (5/15)
 o - a wand of acid (5/15)
Scrolls
 c - 4 scrolls of amnesia
 z - 3 scrolls of recharging
 A - 7 scrolls of fog
 E - a scroll of holy word
 F - 5 scrolls of identify
 G - 3 scrolls of remove curse
 H - 2 scrolls of fear
 L - 2 scrolls of brand weapon
Potions
 d - 3 potions of might
 e - 10 potions of curing
 g - 4 potions of heal wounds
 i - 7 potions of magic
 I - 2 potions of brilliance
 J - 2 potions of invisibility
 K - 4 potions of resistance
 M - 5 potions of agility
Miscellaneous
 q - a crystal ball of energy
 x - a disc of storms
 O - a box of beasts
Comestibles
 a - 42 fruits
 b - 4 meat rations
 f - 5 bread rations
 N - 7 chunks of flesh


   Skills:
 - Level 3.2 Fighting
 * Level 21.4 Polearms
 - Level 3.2 Armour
 - Level 3.6 Shields


You had 9 spell levels left.
You didn't know any spells.

Dungeon Overview and Level Annotations

Branches:
Dungeon (1/1)

Altars:
Ashenzari
Cheibriados
Dithmenos
Elyvilon
Fedhas
Gozag
Hepliaklqana
Kikubaaqudgha
Makhleb
Nemelex Xobeh
Okawaru
Pakellas
Qazlal
Ru
Sif Muna
Trog
Uskayaw
Vehumet
Xom
Yredelemnul
Zin
The Shining One
Beogh
Jiyva
Lugonu


Innate Abilities, Weirdness & Mutations

You are under a permanent stasis effect.
You can dig through walls and to a lower floor.
Your four strong arms can wield two-handed weapons with a shield.
You have a pair of large antennae on your head. (SInv)
You are frail. (-10% HP)


Message History

The eye of draining gazes at you.
You slash the eye of draining!
The eye of draining convulses!
You chop the eye of draining into pieces!!!
You kill the eye of draining!
Okay, then.
You see here an uncursed staff of fire.
Drop what? 41/52 slots (_ for help) (? for menu, Esc to quit)
You drop 6 potions of haste.
You drop 3 potions of berserk rage.
You drop 4 scrolls of blinking.
You see here a +0 broad axe of chopping.
You see here a +2 chain mail of positive energy.
You start resting.
You feel a little less mighty now.
You regained 3 mp, and now have 5/10 mp.
You start resting.
MP restored: 10 Your surroundings seem different!
Welcome to arena 7.
A fire crab, a yaktaur, a stone giant and a meliai come into view.
The vault guard shouts!
The stone giant shouts!
The yaktaur shouts!
The yaktaur wields an arbalest.
The yaktaur shoots a bolt.
The bolt hits you!!
The stone giant throws a large rock.
GONNNNG!
You block the large rock.
Found seven items.
You see here a large rock.
You take 18 damage, and have 45/63 hp.
MASSIVE DAMAGE!!
You feel very mighty all of a sudden.
Unknown command.
You slash the meliai! You block the meliai's attack.
BONNNG!
You block the meliai's attack.
SHROANNG!
The meliai hits you but does no damage. You block the meliai's attack.
PTOANNNG!
You hit the meliai.
You kill the meliai!
The meliai's shape twists and changes as it dies.
The fire crab breathes flames at you. The blast of flame engulfs you!
The yaktaur shoots a bolt.
SHROANNG!
You block the bolt.
No reachable target in view!
Unknown command.
You are engulfed in roaring flames.
* * * LOW HITPOINT WARNING * * *
The stone giant throws a large rock.
The large rock hits you!!
* * * LOW HITPOINT WARNING * * *
You see here a large rock.
You take 39 damage, and have 6/63 hp.
MASSIVE DAMAGE!!
Unknown command.
You feel much better.
You are engulfed in roaring flames.
* * * LOW HITPOINT WARNING * * *
The yaktaur shoots a bolt.
GONNNNG!
You block the bolt.
The stone giant throws a large rock.
The large rock hits you!!
You die...

▓▓▓▓▓▓▓▓▓
▓..8©8..▓
▓..)|}..▓
▓..)=}..▓
▓....p..▓
▓..tCpc.▓
▓..§....▓
▓.§§§§§.▓
▓.▓§§@▓.▓
▓§§§§§§.▓
▓▓▓▓▓▓▓▓▓


{{{{{ {{{{ You could see a stone giant, a vault warden, a vault guard, a fire
crab and a yaktaur.

Vanquished Creatures
  A deep elf sorcerer (D)
  A mummy priest (D)
  A dancing weapon (D)
  A shining eye (D)
  A meliai (shapeshifter) (D)
  A slime creature (D)
  2 hell hounds (D)
  2 giant eyeballs (D)
  An eye of draining (D)
  5 jellies (D)
  3 orc priests (D)
  A mummy (D)
  An ufetubus (D)
  An ooze (D)
  An adder zombie (D)
  An orc (D)
  A giant gecko zombie (D)
25 creatures vanquished.

Notes
Turn   | Place    | Note
--------------------------------------------------------------
     0 | D        | Laraso the Formicid Fighter began the quest for the Orb.
     0 | D        | Reached XP level 1. HP: 18/18 MP: 1/1
     0 | D        | Found a snail-covered altar of Cheibriados.
     0 | D        | Found a blossoming altar of Fedhas.
     0 | D        | Found a viscous altar of Jiyva.
     0 | D        | Found a roughly hewn altar of Beogh.
     0 | D        | Found a corrupted altar of Lugonu.
     2 | D        | Found a white marble altar of Elyvilon.
     5 | D        | Found a bloodstained altar of Trog.
     5 | D        | Found a deep blue altar of Sif Muna.
     5 | D        | Found a sparkling altar of Nemelex Xobeh.
     5 | D        | Found a burning altar of Makhleb.
     5 | D        | Found an iron altar of Okawaru.
    24 | D        | Found a radiant altar of Vehumet.
    57 | D        | Found a shimmering altar of Xom.
    63 | D        | Reached skill level 7 in Polearms
    63 | D        | Reached XP level 2. HP: 24/24 MP: 2/2
    93 | D        | Became a worshipper of Ashenzari the Shackled
   425 | D        | Entered arena 1.
   425 | D        | Noticed a deep elf sorcerer
   425 | D        | Noticed a short sword of flaming
   428 | D        | HP: 7/24 [short sword of flaming (8)]
   428 | D        | HP: 3/24 [short sword of flaming (4)]
   431 | D        | HP: 1/24 [acid (8)]
   436 | D        | HP: 8/24 [deep elf sorcerer/rapier (8)]
   440 | D        | Killed a deep elf sorcerer
   440 | D        | Reached skill level 17 in Polearms
   440 | D        | Reached XP level 3. HP: 19/29 MP: 3/3
   440 | D        | Reached XP level 4. HP: 23/35 MP: 4/4
   440 | D        | Reached XP level 5. HP: 27/41 MP: 5/5
   440 | D        | Reached XP level 6. HP: 31/47 MP: 6/6
   440 | D        | Reached XP level 7. HP: 34/52 MP: 7/7
   440 | D        | Reached XP level 8. HP: 38/58 MP: 8/8
   442 | D        | Killed a short sword of flaming
   442 | D        | Reached skill level 18 in Polearms
   442 | D        | Reached XP level 9. HP: 29/64 MP: 9/9
   463 | D        | Entered arena 2.
   463 | D        | Noticed a mummy priest
   464 | D        | Noticed a red devil
   470 | D        | Killed a mummy priest
   470 | D        | HP: 21/64 [mummy priest's death curse (13)]
   470 | D        | Reached skill level 19 in Polearms
   480 | D        | Got the ring "Xirhoosk" {Ice rElec rN+}
   674 | D        | Entered arena 3.
   675 | D        | Reached skill level 20 in Polearms
   675 | D        | Reached XP level 10. HP: 68/70 MP: 10/10
   700 | D        | Reached * piety under Ashenzari
   700 | D        | Entered arena 4.
   721 | D        | Entered arena 5.
   745 | D        | Entered arena 6.
   745 | D        | Noticed a shining eye
   753 | D        | Gained mutation: You are frail. (-10% HP) [a shining eye]
   754 | D        | Killed a shining eye
   754 | D        | Reached skill level 21 in Polearms
   832 | D        | Entered arena 7.
   832 | D        | Noticed a fire crab
   832 | D        | Noticed a vault warden
   832 | D        | Noticed a vault guard
   832 | D        | Noticed a stone giant
   832 | D        | Noticed a yaktaur
   836 | D        | HP: 6/63 [stone giant/large rock (27)]
   837 | D        | Hit by a large rock thrown by a stone giant

Vault maps used:
D:        sprint_v

Skill      XL: |  1  2  3  4  5  6  7  8  9 10 |
---------------+-------------------------------+-----
Polearms       | 7 17 18 20 21 | 21.4
Fighting       | |  3.2
Armour         | |  3.2
Shields        | |  3.6

Action                   |  1- 3 |  4- 6 |  7- 9 | 10-12 || total
-------------------------+-------+-------+-------+-------++-------
Melee: Scythe            |    10 |       |    13 |    38 ||    61
Invok: Curse Item        |     2 |       |       |       ||     2
  Use: Potion            |     6 |       |     1 |     3 ||    10
Armor: Plate armour      |    16 |       |     2 |    22 ||    40
Block: Shield            |    32 |       |    12 |    57 ||   101

Table legend:
 A = Kills in this place as a percentage of kills in entire the game.
 B = Kills by you in this place as a percentage of kills by you in the entire game.
 C = Kills by friends in this place as a percentage of kills by friends in the entire game.
 D = Other kills in this place as a percentage of other kills in the entire game.
 E = Experience gained in this place as a percentage of experience gained in the entire game.
 F = Experience gained in this place divided by the number of levels of this place that you have seen.
                   A       B       C       D       E      F
               +-------+-------+-------+-------+-------+----------------------
         Total | 100.0 | 100.0 |  -nan |  -nan | 100.0 | 6054.0
       Dungeon | 100.0 | 100.0 |  -nan |  -nan | 100.0 | 6054.0
               +-------+-------+-------+-------+-------+----------------------

Table legend:
 A = Turns spent in this place as a percentage of turns spent in the entire game.
 B = Non-inter-level travel turns spent in this place as a percentage of non-inter-level travel turns spent in the entire game.
 C = Inter-level travel turns spent in this place as a percentage of turns spent in this place.
 D = Turns resting spent in this place as a percentage of non-inter-level travel turns spent in this place.
 E = Turns spent auto-exploring this place as a percentage of non-inter-level travel turns spent in this place.
 F = Non-inter-level travel turns spent in this place divided by the number of levels of this place that you've seen.
                   A       B       C       D       E      F
               +-------+-------+-------+-------+-------+----------------------
         Total | 100.0 | 100.0 |   0.0 |   4.3 |   0.5 | 393.0
       Dungeon | 100.0 | 100.0 |   0.0 |   4.3 |   0.5 | 393.0
               +-------+-------+-------+-------+-------+----------------------

Vault maps used:
D:        sprint_v
